Selects Airborne Battlegroup
Selects Heavy Machine Gun Paradrop
Heavy Machine Gun Paradrop
Heavy Machine Gun Paradrop
Selects Paratrooper Squad Paradrop
Paratrooper Squad Paradrop
Construct Medical Station
Selects Anti-tank Gun Team Paradrop
Anti-tank Gun Team Paradrop
Paratrooper Squad Paradrop
Heavy Machine Gun Paradrop
M4(105) Sherman Bulldozer
Selects Paradrop Reinforcements
Selects Dual P-47 Rocket Strike
M4(105) Sherman Bulldozer